 Dungeon Crawl Stone Soup version 0.18-a0-1782-gb76a692 (webtiles) character file.

9720 namelastname112 the Quickloader (level 11, -11/94 HPs)
             Began as a Yellow Draconian Arcane Marksman on Apr 17, 2016.
             Was an Elder of Dithmenos.
             Hit by a large rock thrown by a cyclops (44 damage)
             ... on level 11 of the Dungeon.
             The game lasted 00:20:50 (13830 turns).

namelastname112 the Quickloader (DrAM)             Turns: 13830, Time: 00:20:51

Health: -11/94     AC:  9    Str: 12    XL:     11   Next: 26%
Magic:  12/12      EV: 14    Int: 14    God:    Dithmenos [****..]
Gold:   509        SH:  0    Dex: 13    Spells: 2 memorised, 10 levels left

rFire  . . .     SeeInvis +     k - +5 quick blade
rCold  . . .     Gourm    .     (armour unavailable)
rNeg   . . .     Faith    +     (no shield)
rPois  .         Spirit   .     (helmet restricted)
rElec  .         Dismiss  .     s - +0 cloak
rCorr  +         Reflect  .     B - +0 pair of gloves
SustAt .         Harm     .     (no boots)
MR     .....                    u - amulet of faith
Stlth  +++.......               l - ring of see invisible
                                e - -2 ring of strength (curse)

@: wreathed by umbra, heavily drained, not resistant to hostile enchantments,
fairly stealthy
A: spit acid, acid resistance, unfitting armour, cold-blooded, AC +7
a: Spit Acid, Shadow Step, Renounce Religion


You were on level 11 of the Dungeon.
You worshipped Dithmenos.
Dithmenos was greatly pleased with you.
You were not hungry.

You visited 2 branches of the dungeon, and saw 12 of its levels.

You collected 509 gold pieces.

Inventory:

Hand Weapons
 a - a +0 hand crossbow
 k - a +5 quick blade (weapon)
Missiles
 c - 14 bolts
 h - a throwing net (quivered)
Armour
 s - a +0 cloak (worn)
 B - a +0 pair of gloves (worn)
Jewellery
 e - a cursed -2 ring of strength (left hand)
 l - a ring of see invisible (right hand)
 t - an uncursed ring of flight
 u - an amulet of faith (around neck)
 v - a +6 ring of intelligence
 z - an uncursed ring of sustain attributes
 U - an uncursed ring of poison resistance {unknown}
Wands
 i - a wand of iceblast (9/15)
 r - a wand of confusion (12/48)
 J - a wand of polymorph (4/24)
 M - a wand of acid (6/15)
Scrolls
 f - 3 scrolls of fear
 g - 5 scrolls of identify
 m - 9 scrolls of remove curse {unknown}
 n - 8 scrolls of teleportation {unknown}
 p - 2 scrolls of enchant weapon {unknown}
 q - 2 scrolls of immolation {unknown}
 y - 2 scrolls of fog {unknown}
 G - a scroll of amnesia {unknown}
 S - a scroll of holy word {unknown}
Potions
 x - a potion of ambrosia
 D - 2 potions of invisibility
 H - 2 potions of lignification
 I - 4 potions of brilliance
 L - a potion of cancellation
 T - a potion of cure mutation
Books
 b - a book of Debilitation

   Spells                             Type                      Level
   a - Corona                         Hexes                        1
   b - Slow                           Hexes                        2
   c - Gell's Gravitas                Hexes/Translocation          3
   d - Inner Flame                    Hexes/Fire                   3
   e - Cause Fear                     Hexes                        4
   f - Leda's Liquefaction            Hexes/Earth                  4
 K - a book of Transfigurations

   Spells                             Type                      Level
   a - Irradiate                      Conjuration/Transmutation    5
   b - Statue Form                    Transmutation/Earth          6
   c - Hydra Form                     Transmutation                6
   d - Dragon Form                    Transmutation                7
 O - a book of Party Tricks

   Spells                             Type                      Level
   a - Summon Butterflies             Summoning                    1
   b - Apportation                    Translocation                1
   c - Tukima's Dance                 Hexes                        3
   d - Alistair's Intoxication        Transmutation/Poison         5
   e - Invisibility                   Hexes                        6
 R - a book of Frost

   Spells                             Type                      Level
   a - Freeze                         Ice                          1
   b - Throw Frost                    Conjuration/Ice              2
   c - Ozocubu's Armour               Charms/Ice                   3
   d - Throw Icicle                   Conjuration/Ice              4
   e - Summon Ice Beast               Ice/Summoning                4
Comestibles
 d - 8 bread rations
 j - 34 fruits
 w - 3 slices of pizza
 F - a meat ration
 N - 10 beef jerkies


   Skills:
 + Level 8.0(4.9) Fighting
 + Level 6.4(3.4) Short Blades
 * Level 9.8(6.5) Crossbows
 + Level 7.3(4.3) Dodging
 + Level 7.1(4.1) Stealth
 - Level 1.0(0.0) Spellcasting
 - Level 2.6(0.0) Hexes


You had 10 spell levels left.
You knew the following spells:

 Your Spells              Type           Power        Failure   Level  Hunger
a - Corona                Hex            #......      30%         1    ##.....
e - Apportation           Tloc           #.........   30%         1    ##.....


Dungeon Overview and Level Annotations

Branches:
Dungeon (11/15)            Temple (1/1) D:6            Lair (0/8) D:8
    Orc (0/2) D:10

Altars:
Ashenzari
Cheibriados
Dithmenos
Elyvilon
Fedhas
Gozag
Kikubaaqudgha
Makhleb
Nemelex Xobeh
Okawaru
Pakellas
Qazlal
Ru
Sif Muna
Trog
Vehumet
Xom
Yredelemnul
Zin
The Shining One


Innate Abilities, Weirdness & Mutations

You can spit globs of acid.
You are resistant to acid.
Your golden yellow scales are hard (AC +7).
Your body does not fit into most forms of armour.
You are cold-blooded and may be slowed by cold attacks.


Message History

You hit the sheep.
You kill the sheep!
Dithmenos accepts your kill.
No target in view!
You start waiting.
Press: ? - help, Shift-Dir - straight line, f - cyclops
Aim: a cyclops (hasn't noticed you)
You spit a glob of acid.
The acid hits the cyclops.
The cyclops is lightly wounded.
The cyclops shouts!
You feel somewhat more hungry.
The cyclops throws a large rock.
The large rock hits you!!!
You take 37 damage, and have 57/94 hp.
MASSIVE DAMAGE!!
You start resting.
You have got your breath back.
The cyclops throws a large rock.
The large rock hits you!!
You see here a large rock.
You take 25 damage, and have 33/94 hp.
MASSIVE DAMAGE!!
The cyclops throws a large rock.
The large rock hits you!!!
You die...

,,,,,........)####........#
*#.. ,,,,,...##...##
##......## *#...
,,,,,,,**###.## ###..###
**.... ,,,,,,** ##..###
#### *,,... *,,,,**
#.....## **,,.. *,,***
##......# ***C,. ****
##......## ######**..#,,
*** ##.......###
#....##..#**, ,,*
*#.......(@.###....†..#* **
,,* #........##..(C......##
* *,*
*#.......######.......#*
*,****,......#*
#.........#* *,,,,,,.#....*
*#..........#
*,,,****#...#*
#...........# ,,*** *#..#*
#...........# *** #...*
*#...........# #..**
*............#


You could see a cyclops.

Vanquished Creatures
  Erolcha (D:8)
  Erica (D:8)
  2 hill giants (D:10)
  Joseph (D:8)
  2 trolls (D:10)
  Eustachio (D:6)
  2 hungry ghosts
  3 hippogriffs
  An ice beast (D:11)
  5 orc warriors
  4 sky beasts
  3 phantoms
  A wasp (D:10)
  A black bear (D:11)
  4 ogres
  10 centaurs
  6 giant frogs
  4 big kobolds
  A water moccasin zombie (D:10)
  6 scorpions
  10 wights
  9 howler monkeys
  2 electric eels (D:8)
  3 giant frog zombies
  4 crimson imps
  2 centaur zombies
  A quasit (D:7)
  5 hounds
  3 orc wizards
  7 orc priests
  2 centaur skeletons
  3 jellies
  3 worker ants
  3 iguanas
  2 sheep (D:11)
  A hound zombie (D:5)
  A hound skeleton (D:4)
  2 howler monkey zombies
  A howler monkey skeleton (D:5)
  10 adders
  6 gnolls
  2 shadow imps (D:7)
  2 oozes
  An adder zombie (D:5)
  An adder skeleton (D:4)
  2 worms
  6 giant geckos
  18 orcs
  6 bats
  3 giant cockroaches
  4 hobgoblins
  10 jackals
  4 quokkas
  A ball python (D:3)
  A giant cockroach zombie (D:6)
  A giant gecko skeleton (D:4)
  9 giant newts
  10 goblins
  20 kobolds
  5 rats
245 creatures vanquished.

Vanquished Creatures (others)
  A scorpion (D:8)
1 creature vanquished.

Grand Total: 246 creatures vanquished

Notes
Turn   | Place    | Note
--------------------------------------------------------------
     0 | D:1      | namelastname112 the Draconian Arcane Marksman began the quest for the Orb.
     0 | D:1      | Reached XP level 1. HP: 16/16 MP: 2/2
    45 | D:1      | Reached skill level 2 in Crossbows
   155 | D:1      | Reached XP level 2. HP: 23/23 MP: 3/3
   699 | D:1      | Reached XP level 3. HP: 21/29 MP: 4/4
  1425 | D:3      | Reached skill level 1 in Stealth
  1527 | D:3      | Reached XP level 4. HP: 36/36 MP: 5/5
  1785 | D:3      | Reached skill level 3 in Crossbows
  2641 | D:4      | Reached XP level 5. HP: 29/42 MP: 6/6
  3013 | D:4      | Found a glowing golden altar of the Shining One.
  3254 | D:5      | Entered Level 5 of the Dungeon
  3332 | D:5      | Found a white marble altar of Elyvilon.
  3359 | D:5      | Noticed a phantom
  3383 | D:5      | Killed a phantom
  3383 | D:5      | Reached XP level 6. HP: 22/51 MP: 7/7
  3594 | D:5      | Reached skill level 4 in Crossbows
  3909 | D:5      | Found a sparkling altar of Nemelex Xobeh.
  4112 | D:5      | Your scales start taking on a golden yellow colour.
  4112 | D:5      | Reached XP level 7. HP: 51/58 MP: 8/8
  4259 | D:6      | Found a snail-covered altar of Cheibriados.
  4787 | D:6      | Noticed Eustachio
  4851 | D:6      | HP: 2/59 [worker ant (6)]
  4860 | D:6      | Reached skill level 1 in Short Blades
  4865 | D:6      | Killed Eustachio
  4865 | D:6      | Reached skill level 5 in Crossbows
  5263 | D:6      | Reached XP level 8. HP: 27/67 MP: 9/9
  5935 | D:6      | Found a basalt altar of Yredelemnul.
  6107 | D:6      | Found a staircase to the Ecumenical Temple.
  6125 | Temple   | Entered the Ecumenical Temple
  6207 | Temple   | Became a worshipper of Dithmenos the Shadowed
  6265 | D:7      | Reached skill level 5 in Fighting
  6290 | D:7      | Reached skill level 6 in Crossbows
  6554 | D:7      | Found a shattered altar of Ashenzari.
  6616 | D:7      | Found an opulent altar of Gozag.
  6949 | D:7      | Reached skill level 5 in Dodging
  7118 | D:8      | Found a staircase to the Lair.
  7157 | D:8      | Found a basalt altar of Yredelemnul.
  7164 | D:8      | Reached * piety under Dithmenos
  7568 | D:8      | Noticed Erica
  7570 | D:8      | jacquesderrida: мистар номирн
  7590 | D:8      | Killed Erica
  7590 | D:8      | Reached skill level 7 in Crossbows
  7590 | D:8      | Reached XP level 9. HP: 37/75 MP: 10/10
  7591 | D:8      | jacquesderrida: how do I shot web
  7591 | D:8      | namelastname112: здровствуйте дженкинс
  7783 | D:8      | Noticed Erolcha
  7786 | D:8      | jacquesderrida: ХАЙ НАМИРН
  7796 | D:8      | jacquesderrida: Пришла пора мачит
  7812 | D:8      | Killed Erolcha
  7812 | D:8      | Reached skill level 5 in Stealth
  8183 | D:8      | Found a stormy altar of Qazlal.
  8209 | D:8      | Noticed Joseph
  8245 | D:8      | Killed Joseph
  8245 | D:8      | Reached skill level 8 in Crossbows
  8444 | D:9      | Reached XP level 10. HP: 71/84 MP: 11/11
  8517 | D:9      | Reached ** piety under Dithmenos
  8671 | D:9      | Found a glowing silver altar of Zin.
  8858 | D:9      | Learned a level 1 spell: Apportation
  9001 | D:9      | Found a radiant altar of Vehumet.
  9032 | D:9      | Reached skill level 5 in Short Blades
  9487 | D:10     | Entered Level 10 of the Dungeon
  9500 | D:10     | Noticed a hill giant
  9512 | D:10     | Killed a hill giant
  9525 | D:10     | Reached *** piety under Dithmenos
 10094 | D:10     | Reached skill level 9 in Crossbows
 10228 | D:10     | Found a staircase to the Orcish Mines.
 10271 | D:10     | HP: 4/86 [something/ball of steam (21)]
 10893 | D:10     | HP: 3/86 [giant frog (8)]
 11143 | D:10     | Noticed a hill giant
 11303 | D:10     | Killed a hill giant
 11303 | D:10     | Reached XP level 11. HP: 64/93 MP: 12/12
 12601 | D:11     | Identified a scroll of acquirement
 13786 | D:11     | Reached **** piety under Dithmenos
 13830 | D:11     | Hit by a large rock thrown by a cyclops

Vault maps used:
D:1:      dpeg_arrival_simpleton_b
D:4:      first_bread, tso_altar
D:5:      lemuel_ice_spiral_2, elyvilon_altar_4, nemelex_altar_shiori
D:6:      kennysheep_mini_moat, cheibriados_altar_1,
          minmay_temple_entry_enclosed_plants, uniq_eustachio
D:7:      ashenzari_conservatory_becter,
          nicolae_gozag_cash_rules_everything_around_me
D:8:      nicolae_qazlal_eye_of_the_storm, dpeg_oklobed_lair,
          blue_anna_alchemist, kennysheep_cross_room, yredelemnul_altar_generic,
          uniq_joseph, uniq_erica, uniq_erolcha
D:9:      lemuel_round_altar, basic_altar, evilmike_butchery
D:10:     david_orc_1_choice
Temple:   circular_temple_12

Skill      XL: |  1  2  3  4  5  6  7  8  9 10 11 |
---------------+----------------------------------+-----
Crossbows      | 2 3 4 5 7 8 9 |  9.8
Dodging        | 2 3 4 5 6 7 |  7.3
Fighting       | 2 3 4 5 6 7 8 |  8.0
Stealth        | 1 2 3 4 5 6 7 |  7.1
Short Blades   | 1 3 4 6 |  6.4
Spellcasting   | |  1.0
Hexes          | |  2.6

Action                   |  1- 3 |  4- 6 |  7- 9 | 10-12 || total
-------------------------+-------+-------+-------+-------++-------
Melee: Dagger            |   186 |   253 |    39 |       ||   478
       Tailslap          |    16 |    23 |    42 |    79 ||   160
       Unarmed           |       |     8 |     6 |       ||    14
       Rapier            |       |       |   288 |   468 ||   756
       Quick blade       |       |       |       |   129 ||   129
 Fire: Hand crossbow     |    19 |    68 |   131 |    47 ||   265
 Abil: Spit Acid         |       |       |    11 |    14 ||    25
Evoke: Wand              |       |       |     1 |     3 ||     4
  Use: Potion            |       |     2 |     6 |     9 ||    17
       Scroll            |       |       |       |    10 ||    10
 Stab: Sleeping          |     2 |     1 |     3 |     4 ||    10
       Confused          |       |       |     2 |       ||     2
       Distracted        |       |       |       |     1 ||     1
  Eat: Chunk             |     2 |     3 |    11 |    12 ||    28
       Beef jerky        |       |     1 |       |       ||     1
       Meat ration       |       |     1 |       |     2 ||     3
       Bread ration      |       |       |     1 |       ||     1
       Fruit             |       |       |       |     2 ||     2
Armor: Skin              |    69 |   118 |   179 |   257 ||   623
Dodge: Dodged            |   134 |   196 |   360 |   740 ||  1430
